PAAA
SUNSET DISTRICT FOG @ MILTON DOGFISH HEAD
07/17/2026
 
TOP OF THE 1ST
Sunset District Fog batting - Pitching for Milton Dogfish Head : LHP Santiago Mesa
Pitching: LHP Santiago Mesa
Batting: RHB Mariano Sánchez 0-0: Ball
1-0: Swinging Strike
1-1: Swinging Strike
1-2: Strikes out swinging
Batting: RHB Manuel Rodríguez 0-0: Ball
1-0: SINGLE (Groundball, 6MD)
Batting: RHB Ricardo Téllez 0-0: Called Strike
Manuel Rodríguez steals 2nd base
0-1: Ball
1-1: SINGLE (Groundball, 6MD)
Manuel Rodríguez to third
Runner from 3rd tries for Home, SAFE, throw made home
Ricardo Téllez to second
Batting: LHB Bryce Reilly 0-0: Ground out 3-1 (Groundball, 23)
Ricardo Téllez to third
Batting: RHB José Vargas 0-0: Fly out, F4 (Popup, 4D)
Top of the 1st over - 1 run(s), 2 hit(s), 0 error(s), 1 left on base; Sunset District 1 - Milton 0
BOTTOM OF THE 1ST
Milton Dogfish Head batting - Pitching for Sunset District Fog : RHP Rich Wright
Pitching: RHP Rich Wright
Batting: RHB David Sánchez 0-0: Foul Ball, location: 2F
0-1: Foul Ball, location: 2F
0-2: Strikes out swinging
Batting: LHB Jack Sutherland 0-0: Called Strike
0-1: Ball
1-1: Foul Ball, location: 2F
1-2: Ball
2-2: DOUBLE (Groundball, 3L)
Batting: LHB Víctor Robledo 0-0: Ball
1-0: Foul Ball, location: 2F
1-1: Ball
2-1: SINGLE (Line Drive, 9LS)
Jack Sutherland to third
Runner from 3rd tries for Home, SAFE, no throw
Batting: LHB António Ramos 0-0: Ball
1-0: Called Strike
1-1: Ball
2-1: Foul Ball, location: 2F
2-2: Strikes out looking
Batting: RHB Moisés Quintana Pickoff Throw to First - Out!
Bottom of the 1st over - 1 run(s), 2 hit(s), 0 error(s), 0 left on base; Sunset District 1 - Milton 1
TOP OF THE 2ND
Sunset District Fog batting - Pitching for Milton Dogfish Head : LHP Santiago Mesa
Batting: LHB David Holbrook 0-0: Foul Ball, location: 2F
0-1: Ball
1-1: Ball
2-1: Foul Ball, location: 2F
2-2: Strikes out swinging
Batting: SHB Albert Sánchez 0-0: Ball
1-0: Ball
2-0: Swinging Strike
2-1: Foul Ball, location: 2F
2-2: Strikes out swinging
Batting: RHB Vicente Rodríguez 0-0: Foul Ball, location: 2F
0-1: Fly out, F9 (Flyball, 89M)
Top of the 2nd over - 0 run(s), 0 hit(s), 0 error(s), 0 left on base; Sunset District 1 - Milton 1
BOTTOM OF THE 2ND
Milton Dogfish Head batting - Pitching for Sunset District Fog : RHP Rich Wright
Batting: RHB Moisés Quintana 0-0: Called Strike
0-1: Ball
1-1: Called Strike
1-2: Ball
2-2: Ball
3-2: Foul Ball, location: 2F
3-2: Base on Balls
Batting: RHB Brad Perry 0-0: Called Strike
0-1: Swinging Strike
0-2: Ball
1-2: Strikes out swinging
Batting: LHB Luis Vicenteno 0-0: Ball
1-0: Ball
2-0: Foul Ball, location: 2F
2-1: Ball
3-1: Foul Ball, location: 2F
3-2: Base on Balls
Moisés Quintana to second
Batting: RHB Víctor López 0-0: Ball
1-0: Ball
2-0: Fly out, F8 (Flyball, 8RS)
Batting: RHB Bryce Bancroft 0-0: Foul Ball, location: 2F
0-1: Swinging Strike
0-2: Strikes out looking
Bottom of the 2nd over - 0 run(s), 0 hit(s), 0 error(s), 2 left on base; Sunset District 1 - Milton 1
TOP OF THE 3RD
Sunset District Fog batting - Pitching for Milton Dogfish Head : LHP Santiago Mesa
Batting: SHB Esteban Lugo 0-0: Called Strike
0-1: Ball
1-1: Ball
2-1: Swinging Strike
2-2: Ball
3-2: Base on Balls
Batting: RHB Mariano Sánchez 0-0: Called Strike
0-1: Swinging Strike
0-2: Ball
1-2: Fielders Choice at 2nd, 6-4 (Groundball, 6)
Batting: RHB Manuel Rodríguez 0-0: Ball
1-0: Ball
2-0: Called Strike
2-1: Ball
3-1: Foul Ball, location: 2F
3-2: Fielders Choice at 2nd, 6-4 (Groundball, 6)
Batting: RHB Ricardo Téllez 0-0: Fielders Choice at 2nd, 5-4 (Groundball, 5)
Top of the 3rd over - 0 run(s), 0 hit(s), 0 error(s), 0 left on base; Sunset District 1 - Milton 1
BOTTOM OF THE 3RD
Milton Dogfish Head batting - Pitching for Sunset District Fog : RHP Rich Wright
Batting: RHB David Sánchez 0-0: Ball
1-0: Swinging Strike
1-1: Swinging Strike
1-2: Ball
2-2: Ball
3-2: Base on Balls
Batting: LHB Jack Sutherland 0-0: Ball
1-0: Fly out, F9 (Flyball, 9LS)
Now in RF: Simon Yusaf Khel
Batting: LHB Víctor Robledo 0-0: Called Strike
David Sánchez is caught stealing 2nd base
0-1: Ball
1-1: Swinging Strike
1-2: Ball
2-2: Strikes out swinging
Bottom of the 3rd over - 0 run(s), 0 hit(s), 0 error(s), 0 left on base; Sunset District 1 - Milton 1
TOP OF THE 4TH
Sunset District Fog batting - Pitching for Milton Dogfish Head : LHP Santiago Mesa
Batting: LHB Bryce Reilly 0-0: Ground out U3 (Groundball, 34)
Batting: RHB José Vargas 0-0: Called Strike
0-1: Ball
1-1: Foul Ball, location: 2F
1-2: SINGLE (Line Drive, 89S)
Batting: LHB David Holbrook 0-0: Swinging Strike
0-1: Grounds into double play, 5-4-3 (Groundball, 56)
Top of the 4th over - 0 run(s), 1 hit(s), 0 error(s), 0 left on base; Sunset District 1 - Milton 1
BOTTOM OF THE 4TH
Milton Dogfish Head batting - Pitching for Sunset District Fog : RHP Rich Wright
Batting: LHB António Ramos 0-0: Ball
1-0: Foul Ball, location: 2F
1-1: Ball
2-1: Foul Ball, location: 2F
2-2: Strikes out swinging
Batting: RHB Moisés Quintana 0-0: Foul Ball, location: 2F
0-1: Ball
1-1: Ball
2-1: DOUBLE (Flyball, 9LD)
Batting: RHB Brad Perry 0-0: Called Strike
0-1: Foul Ball, location: 2F
0-2: Ball
1-2: Foul Ball, location: 2F
1-2: Ball
2-2: Ball
3-2: Base on Balls
Batting: LHB Luis Vicenteno 0-0: Ball
1-0: Ball
2-0: Called Strike
2-1: Ball
3-1: Foul Ball, location: 2F
3-2: Foul Ball, location: 2F
3-2: Strikes out looking
Batting: RHB Víctor López 0-0: Fly out, F9 (Flyball, 89S)
Bottom of the 4th over - 0 run(s), 1 hit(s), 0 error(s), 2 left on base; Sunset District 1 - Milton 1
TOP OF THE 5TH
Sunset District Fog batting - Pitching for Milton Dogfish Head : LHP Santiago Mesa
Batting: SHB Albert Sánchez 0-0: SINGLE (Groundball, 3D)
Batting: RHB Vicente Rodríguez 0-0: Bunt missed!
0-1: Ball
1-1: Sac Bunt - play at first, batter OUT! 2-4
Albert Sánchez to second
Batting: SHB Esteban Lugo 0-0: Called Strike
0-1: Ball
1-1: Ball
2-1: Ball
3-1: Called Strike
3-2: Foul Ball, location: 2F
3-2: Foul Ball, location: 2F
3-2: Foul Ball, location: 2F
3-2: Ground out 5-3 (Groundball, 5)
Batting: RHB Simon Yusaf Khel 0-0: Ball
Wild Pitch!
Albert Sánchez to third
1-0: Swinging Strike
1-1: Swinging Strike
1-2: Strikes out swinging
Top of the 5th over - 0 run(s), 1 hit(s), 0 error(s), 1 left on base; Sunset District 1 - Milton 1
BOTTOM OF THE 5TH
Milton Dogfish Head batting - Pitching for Sunset District Fog : RHP Rich Wright
Batting: RHB Bryce Bancroft 0-0: Fly out, F4 (Line Drive, 4M)
Batting: RHB David Sánchez 0-0: Called Strike
0-1: Foul Ball, location: 2F
0-2: Ball
1-2: Fly out, F8 (Flyball, 8LD)
Batting: LHB Jack Sutherland 0-0: Ground out 6-3 (Groundball, 56)
Bottom of the 5th over - 0 run(s), 0 hit(s), 0 error(s), 0 left on base; Sunset District 1 - Milton 1
TOP OF THE 6TH
Sunset District Fog batting - Pitching for Milton Dogfish Head : LHP Santiago Mesa
Batting: RHB Manuel Rodríguez 0-0: Ball
1-0: Foul Ball, location: 2F
1-1: Ground out 3-1 (Groundball, 34)
Batting: RHB Ricardo Téllez 0-0: Called Strike
0-1: Ball
1-1: Foul Ball, location: 2F
1-2: Ball
2-2: Ball
3-2: Ground out 5-3 (Groundball, 5)
Batting: LHB Bryce Reilly 0-0: Called Strike
0-1: Ball
1-1: Ball
2-1: Ball
3-1: Foul Ball, location: 2F
3-2: Foul Ball, location: 2F
3-2: SINGLE (Groundball, 34D)
Batting: RHB José Vargas 0-0: Ground out 4-3 (Groundball, 4MS)
Top of the 6th over - 0 run(s), 1 hit(s), 0 error(s), 1 left on base; Sunset District 1 - Milton 1
BOTTOM OF THE 6TH
Milton Dogfish Head batting - Pitching for Sunset District Fog : RHP Rich Wright
Batting: LHB Víctor Robledo 0-0: Ground out 5-3 (Groundball, 56S)
Batting: LHB António Ramos 0-0: Called Strike
0-1: Ball
1-1: Ground out U3 (Groundball, 34S)
Batting: RHB Moisés Quintana 0-0: Called Strike
0-1: SINGLE (Line Drive, 78S)
Batting: RHB Brad Perry 0-0: Ball
1-0: Fly out, F9 (Flyball, 9LS)
Bottom of the 6th over - 0 run(s), 1 hit(s), 0 error(s), 1 left on base; Sunset District 1 - Milton 1
TOP OF THE 7TH
Sunset District Fog batting - Pitching for Milton Dogfish Head : LHP Santiago Mesa
Batting: LHB David Holbrook 0-0: Ball
1-0: Called Strike
1-1: Foul Ball, location: 2F
1-2: Strikes out swinging
Pinch Hitting: RHB Jim Lee 0-0: Ball
1-0: SINGLE (Groundball, 6MD)
Pitching: RHP Luis De La Hoya
Pinch Hitting: RHB Rafael Durango 0-0: Ball
1-0: Swinging Strike
1-1: Ball
2-1: DOUBLE (Groundball, 5L)
Jim Lee to third
Runner from 3rd tries for Home, SAFE, throw made at trailing runner, OUT at third!
Batting: SHB Esteban Lugo 0-0: Ball
1-0: Ground out 3-1 (Groundball, 34)
Top of the 7th over - 1 run(s), 2 hit(s), 0 error(s), 0 left on base; Sunset District 2 - Milton 1
BOTTOM OF THE 7TH
Milton Dogfish Head batting - Pitching for Sunset District Fog : RHP Rich Wright
Now at 1B: Jim Unknown
Now at 3B: Jim Lee
Batting: LHB Luis Vicenteno 0-0: Ball
1-0: Called Strike
1-1: Foul Ball, location: 2F
1-2: Ground out 4-3 (Groundball, 4)
Batting: RHB Víctor López 0-0: Swinging Strike
0-1: Ground out 1-3 (Groundball, 15S)
Batting: RHB Bryce Bancroft 0-0: Ball
1-0: Foul Ball, location: 2F
1-1: Ball
2-1: Foul Ball, location: 2F
2-2: SINGLE (Groundball, 34S) (infield hit)
Pitching: RHP Ted Locke
Batting: RHB David Sánchez 0-0: Called Strike
0-1: SINGLE (Groundball, 56D)
Bryce Bancroft to second
Batting: LHB Jack Sutherland 0-0: Foul Ball, location: 2F
0-1: Ball
1-1: Ball
2-1: Foul Ball, location: 2F
2-2: Ball
3-2: Ground out 4-3 (Groundball, 4MS)
Bottom of the 7th over - 0 run(s), 2 hit(s), 0 error(s), 2 left on base; Sunset District 2 - Milton 1
TOP OF THE 8TH
Sunset District Fog batting - Pitching for Milton Dogfish Head : RHP Luis De La Hoya
Batting: RHB Simon Yusaf Khel 0-0: Ball
1-0: Swinging Strike
1-1: Ball
2-1: Ball
3-1: Base on Balls
Batting: RHB Manuel Rodríguez 0-0: Ball
1-0: Sac Bunt - play at first, batter OUT! 1-4
Simon Yusaf Khel to second
Batting: RHB Ricardo Téllez 0-0: Ball
1-0: Called Strike
1-1: Foul Ball, location: 2F
1-2: Ball
2-2: Ground out 6-3 (Groundball, 6S)
Simon Yusaf Khel to third
Batting: LHB Bryce Reilly 0-0: Fly out, F3 (Popup, 3S)
Top of the 8th over - 0 run(s), 0 hit(s), 0 error(s), 1 left on base; Sunset District 2 - Milton 1
BOTTOM OF THE 8TH
Milton Dogfish Head batting - Pitching for Sunset District Fog : RHP Ted Locke
Pitching: LHP Gerardo García
Now at 2B: Carlos Sánchez
Batting: LHB Víctor Robledo 0-0: Called Strike
0-1: Ball
1-1: Foul Ball, location: 2F
1-2: Strikes out swinging
Batting: LHB António Ramos 0-0: Ball
1-0: Ball
2-0: Swinging Strike
2-1: Swinging Strike
2-2: Foul Ball, location: 2F
2-2: Ball
3-2: Strikes out swinging
Pitching: RHP Seb Alport
Batting: RHB Moisés Quintana 0-0: Swinging Strike
0-1: Called Strike
0-2: Strikes out swinging
Bottom of the 8th over - 0 run(s), 0 hit(s), 0 error(s), 0 left on base; Sunset District 2 - Milton 1
TOP OF THE 9TH
Sunset District Fog batting - Pitching for Milton Dogfish Head : RHP Luis De La Hoya
Pitching: LHP Jim Unknown
Batting: RHB José Vargas 0-0: Called Strike
0-1: Foul Ball, location: 2F
0-2: Foul Ball, location: 2F
0-2: Ball
1-2: Ball
2-2: Ball
3-2: Reached on error, E5 (Groundball, 56)
Batting: LHB David Holbrook 0-0: Bunted foul
0-1: Bunted foul
0-2: Foul Ball, location: 2F
0-2: Ball
1-2: Ball
2-2: Ball
3-2: Base on Balls
José Vargas to second
Batting: RHB Jim Lee 0-0: Called Strike
0-1: Bunted foul
0-2: Reached via error on a dropped throw, E6
José Vargas to third
David Holbrook to second
Pinch Hitting: RHB Bryant Skelly 0-0: Ball
1-0: Called Strike
1-1: Ball
2-1: Fly out, F7 (Flyball, 7)
Runner from 3rd tags up, SCORES, throw made
Batting: SHB Esteban Lugo 0-0: Hit by Pitch
David Holbrook to third
Jim Lee to second
Batting: RHB Simon Yusaf Khel 0-0: Called Strike
0-1: Ball
1-1: Called Strike
1-2: DOUBLE (Line Drive, 7LM)
David Holbrook scores
Jim Lee scores
Esteban Lugo to third
Pitching: RHP Roberto Cabrera
Batting: RHB Manuel Rodríguez 0-0: SINGLE (Groundball, 5D)
Esteban Lugo scores
Simon Yusaf Khel to third
Runner from 3rd tries for Home, SAFE, no throw
Batting: SHB Carlos Sánchez 0-0: Swinging Strike
0-1: Foul Ball, location: 2F
0-2: Strikes out swinging
Batting: LHB Bryce Reilly 0-0: Called Strike
0-1: Ball
1-1: Ball
2-1: Ball
3-1: Foul Ball, location: 2F
3-2: Base on Balls
Manuel Rodríguez to second
Batting: RHB José Vargas 0-0: Swinging Strike
0-1: Ball
1-1: Called Strike
1-2: Foul Ball, location: 2F
1-2: SINGLE (Groundball, 34D)
Manuel Rodríguez to third
Bryce Reilly to second
Runner from 3rd tries for Home, throw and OUT!
Top of the 9th over - 5 run(s), 3 hit(s), 2 error(s), 2 left on base; Sunset District 7 - Milton 1
BOTTOM OF THE 9TH
Milton Dogfish Head batting - Pitching for Sunset District Fog : RHP Seb Alport
Now in LF: Bryant Skelly
Batting: RHB Brad Perry 0-0: Ground out 3-1 (Groundball, 34S)
Batting: LHB Luis Vicenteno 0-0: Ball
1-0: Ball
2-0: Ground out U3 (Groundball, 34S)
Batting: RHB Víctor López 0-0: Ball
1-0: Fly out, F6 (Line Drive, 6MS)
Bottom of the 9th over - 0 run(s), 0 hit(s), 0 error(s), 0 left on base; Sunset District 7 - Milton 1
Monday, March 20th, 2017 - OOTP Baseball 17.12 Build 75